 Dungeon Crawl Stone Soup version 0.25.1-2-g60ff931df9 (webtiles) character file.

Game seed: 10284091749117456958

27651 Erymatos the Severer (level 13, -7/119 HPs)
             Began as a Minotaur Berserker on Nov 12, 2020.
             Was a High Priest of Trog.
             Mangled by a vault guard
             ... wielding a +0 dire flail
              (10 damage)
             ... on level 14 of the Dungeon.
             The game lasted 00:32:21 (16086 turns).

Erymatos the Severer (Minotaur Berserker)          Turns: 16086, Time: 00:32:21

Health: -7/119     AC: 15    Str: 29    XL:     13   Next: 5%
Magic:  12/12      EV: 14    Int:  4    God:    Trog [*****.]
Gold:   317        SH: 19    Dex: 18    Spells: 12/12 levels left

rFire    + . .     SeeInvis +   R - +2 war axe (vorpal)
rCold    x . .     Gourm    .   y - +0 tower shield
rNeg     . . .     Faith    +   V - +2 scale mail {rPois}
rPois    +         Spirit   .   (helmet restricted)
rElec    .         Reflect  .   b - +0 cloak
rCorr    .         Harm     .   s - +0 pair of gloves
MR       .....                  O - +0 pair of boots
Stlth    +.........             N - amulet of faith
HPRegen  0.29/turn              t - ring "Xufucourr" {Fire *Slow Str+5 Dex+5}
MPRegen  0.13/turn              Q - ring of see invisible

@: berserk cooldown, slowed, very slow
A: retaliatory headbutt, horns 2
a: Berserk, Trog's Hand, Brothers in Arms, Renounce Religion


You were on level 14 of the Dungeon.
You worshipped Trog.
Trog was extremely pleased with you.
You were very hungry.

You visited 1 branch of the dungeon, and saw 14 of its levels.
You visited 1 bazaar.

You collected 831 gold pieces.
You spent 514 gold pieces at shops.

Inventory:

Hand Weapons
 v - a +0 war axe of freezing
 P - the +7 halberd of Lirhamut {vorpal, rF+}
   (You found it on level 10 of the Dungeon)

   It inflicts extra damage upon your enemies.
   It protects you from fire.
 R - a +2 vorpal war axe (weapon)
Armour
 a - a +1 ring mail of fire resistance
 b - a +0 cloak (worn)
 s - a +0 pair of gloves (worn)
 y - a +0 tower shield (worn)
 O - a +0 pair of boots (worn)
 U - a +0 plate armour
 V - a +2 scale mail of poison resistance (worn)
Jewellery
 t - the ring "Xufucourr" (left hand) {Fire *Slow Str+5 Dex+5}
   (You found it on level 8 of the Dungeon)

   [ring of fire]

   It enhances your fire magic.
   It affects your strength (+5).
   It affects your dexterity (+5).
   It protects you from fire.
   It makes you vulnerable to cold.
   It may slow you when you take damage.
 B - an uncursed ring of ice
 G - an uncursed amulet of guardian spirit {unknown}
 N - an amulet of faith (around neck)
 Q - a ring of see invisible (right hand)
 X - an uncursed ring of magical power {unknown}
Wands
 z - a wand of iceblast (22)
 H - a wand of random effects (62)
 K - a wand of paralysis (10)
 L - a wand of flame (17)
 W - a wand of digging (4)
Scrolls
 d - 6 scrolls of amnesia {unknown}
 f - 7 scrolls of identify {unknown}
 g - a scroll of fear {unknown}
 i - 9 scrolls of remove curse
 l - 6 scrolls of enchant weapon {unknown}
 p - 5 scrolls of teleportation {unknown}
 q - 4 scrolls of fog {unknown}
 u - 4 scrolls of noise {unknown}
 w - a scroll of random uselessness {unknown}
 A - 2 scrolls of blinking {unknown}
 D - 4 scrolls of immolation {unknown}
 E - 3 scrolls of enchant armour {unknown}
 J - a scroll of brand weapon {unknown}
Potions
 e - 4 potions of flight {unknown}
 h - 3 potions of mutation {unknown}
 j - 4 potions of lignification {unknown}
 k - 4 potions of haste {unknown}
 m - 10 potions of curing {unknown}
 n - 2 potions of might {unknown}
 o - 2 potions of heal wounds {unknown}
 r - a potion of berserk rage {unknown}
 x - 4 potions of invisibility {unknown}
 C - a potion of experience {unknown}
 F - 7 potions of degeneration {unknown}
 I - a potion of magic {unknown}
 M - a potion of ambrosia {unknown}
 S - a potion of cancellation {unknown}
Comestibles
 c - 30 rations
 T - 4 chunks of flesh


   Skills:
 + Level 12.4 Fighting
 + Level 16.5 Axes
 + Level 9.8 Armour
 + Level 8.6 Dodging
 - Level 1.5 Stealth
 + Level 9.7 Shields


You had 12 spell levels left.
You didn't know any spells.
Your spell library was empty.

Dungeon Overview and Level Annotations

Branches:
Dungeon (14/15)            Temple (0/1) D:4            Lair (0/6) D:10
    Orc (0/2) D:11
 Vaults: D:13-14

Altars:
Ashenzari
Cheibriados
Dithmenos
Elyvilon
Hepliaklqana
Ru
Sif Muna
Trog
Uskayaw
Vehumet
Wu Jian
Yredelemnul
Zin
Beogh

Shops:
D:6 (   D:8 =   D:10 (

Portals:
Trove: D:10 (give +3 storm dragon scales)

Annotations:
D:13 2 transporters


Innate Abilities, Weirdness & Mutations

You reflexively headbutt those who attack you in melee.
You have a pair of horns on your head.


Message History

The vault guard blocks your deep troll's attack.
You hear a shout!
There is an ornate altar of the Wu Jian Council here.
Your deep troll bites the vault guard!
Your deep troll claws the vault guard!!
Your deep troll claws the vault guard but does no damage.
Your deep troll bites the vault guard!!
Your deep troll misses the vault guard.
Your deep troll claws the vault guard!
The vault guard hits you but does no damage.
Your troll goes berserk!
You are feeling very hungry.
Your deep troll bites the vault guard!
Your deep troll claws the vault guard but does no damage.
Your deep troll claws the vault guard!!
The vault guard closely misses you.
The vault guard hits your deep troll with a +0 long sword!
Your deep troll bites the vault guard!!
The vault guard dies!
Trog accepts your kill. You block the vault guard's attack.
The vault guard hits you with a +0 dire flail!
You die...

.#
#...#.........###.
.#
#...#....%)....oT.
.#####...#.....o.o.#
.........######o####
................p..#
..###########...T..#
..+ .......).)..p..#
..#
.......)...pp..###
..#
............@....#
..#
##.....<......T..#
...
#...........+...#
#...........#...#
#...........#...#
############# ..# .+
.#


You could see 4 vault guards, an orc warrior, an orc priest, a friendly deep
troll (summoned, berserk) and a friendly troll (summoned, berserk).

Vanquished Creatures
  Josephine (D:13)
  2 vault guards (D:14)
  A hydra (D:14)
  Erica (D:9)
  Harold (D:7)
  2 centaur warriors
  A two-headed ogre (D:12)
  4 skeletal warriors (D:12)
  An orc knight (D:14)
  3 ugly things
  3 cyclopes
  Maurice (D:12)
  Joseph (D:7)
  2 centaur skeletons
  A gargoyle (D:11)
  An efreet (D:13)
  A troll (D:10)
  3 hippogriffs
  4 slime creatures (D:14)
  A snapping turtle (shapeshifter) (D:14)
  Sigmund (D:4)
  2 shadows
  6 wraiths
  13 yaks
  A wyvern (D:9)
  2 hungry ghosts (D:9)
  Eustachio (D:6)
  3 wargs (D:10)
  Menkaure (D:6)
  A soldier ant (D:12)
  3 ice beasts
  10 orc warriors
  A hornet zombie (D:14)
  2 sky beasts
  A black bear (D:8)
  2 phantoms (D:13)
  An eye of draining (D:12)
  4 ogres
  5 centaurs
  A big kobold (D:9)
  8 bullfrogs
  A gnoll sergeant (D:11)
  A wyvern zombie (D:8)
  7 scorpions
  A wyvern skeleton (D:13)
  A water moccasin skeleton (D:7)
  14 killer bees
  24 wights
  5 howler monkeys (D:10)
  6 crimson imps
  2 quasits
  16 orc priests
  2 centaur zombies
  6 hounds
  4 bullfrog skeletons
  A gnoll shaman (D:7)
  Jessica (D:6)
  4 iguanas
  21 orc wizards
  13 worker ants
  A killer bee zombie (D:7)
  3 hound skeletons
  A hound zombie (D:7)
  2 worker ant zombies
  18 gnolls
  14 adders
  2 shadow imps
  An ooze (D:2)
  2 adder skeletons
  2 adder zombies
  A worm (D:2)
  A dart slug (D:4)
  9 leopard geckos
  59 orcs
  9 bats
  7 giant cockroaches
  4 goblins
  7 hobgoblins
  6 jackals
  7 quokkas
  6 frilled lizards
  4 kobolds
  A leopard gecko skeleton (D:7)
  A leopard gecko zombie (D:6)
  11 rats
413 creatures vanquished.

Vanquished Creatures (collateral kills)
  A vault guard (D:14)
1 creature vanquished.

Vanquished Creatures (others)
  A wight (D:13)
1 creature vanquished.

Grand Total: 415 creatures vanquished

Notes
Turn   | Place    | Note
-------+----------+-------------------------------------------
     0 | D:1      | Erymatos the Minotaur Berserker began the quest for the
                  | Orb.
     0 | D:1      | Reached XP level 1. HP: 19/19 MP: 0/0
   233 | D:1      | Reached skill level 4 in Axes
   233 | D:1      | Reached XP level 2. HP: 12/27 MP: 1/1
  1376 | D:2      | Reached XP level 3. HP: 33/33 MP: 2/2
  2170 | D:3      | Found a radiant altar of Vehumet.
  2243 | D:3      | Found a glowing silver altar of Zin.
  2327 | D:3      | Found a hazy altar of Hepliaklqana.
  2445 | D:3      | Found a hide-covered altar of Uskayaw.
  2448 | D:3      | Reached ** piety under Trog
  2541 | D:3      | Found an ornate altar of the Wu Jian Council.
  2544 | D:3      | Reached XP level 4. HP: 34/41 MP: 3/3
  2942 | D:4      | Noticed Sigmund
  2955 | D:4      | Killed Sigmund
  2955 | D:4      | Reached skill level 5 in Axes
  2955 | D:4      | Reached skill level 1 in Stealth
  2955 | D:4      | Reached XP level 5. HP: 47/47 MP: 4/4
  3067 | D:4      | Reached skill level 5 in Fighting
  3067 | D:4      | Reached XP level 6. HP: 56/56 MP: 5/5
  3069 | D:4      | Reached skill level 6 in Axes
  3343 | D:4      | Found a staircase to the Ecumenical Temple.
  3408 | D:4      | Found a shimmering blue altar of Sif Muna.
  3457 | D:4      | Found a basalt altar of Yredelemnul.
  4069 | D:4      | Reached XP level 7. HP: 49/61 MP: 6/6
  4155 | D:5      | Entered Level 5 of the Dungeon
  4237 | D:5      | Reached skill level 7 in Axes
  4397 | D:5      | Reached *** piety under Trog
  4585 | D:5      | Found a snail-covered altar of Cheibriados.
  4684 | D:5      | Found a shattered altar of Ashenzari.
  4945 | D:6      | Noticed Eustachio
  4956 | D:6      | Killed Eustachio
  4968 | D:6      | Found a white marble altar of Elyvilon.
  4996 | D:6      | Reached skill level 8 in Axes
  4996 | D:6      | Reached skill level 5 in Armour
  5003 | D:6      | Reached XP level 8. HP: 49/71 MP: 7/7
  5884 | D:6      | Reached skill level 9 in Axes
  5904 | D:6      | Reached **** piety under Trog
  6415 | D:6      | Reached skill level 5 in Dodging
  6480 | D:6      | Noticed Menkaure
  6484 | D:6      | Killed Menkaure
  6484 | D:6      | Reached skill level 10 in Axes
  6693 | D:6      | Noticed Jessica
  6705 | D:6      | Killed Jessica
  6762 | D:6      | Found a shimmering blue altar of Sif Muna.
  6984 | D:6      | Found Utiux's Weapon Shop.
  7086 | D:7      | Reached XP level 9. HP: 71/79 MP: 8/8
  7162 | D:7      | Noticed Harold
  7178 | D:7      | Killed Harold
  7178 | D:7      | Reached skill level 11 in Axes
  7801 | D:7      | Reached ***** piety under Trog
  8155 | D:7      | Noticed Joseph
  8167 | D:7      | Killed Joseph
  8167 | D:7      | Reached skill level 12 in Axes
  8167 | D:7      | Reached XP level 10. HP: 64/90 MP: 9/9
  8477 | D:8      | Found Zorghesi's Jewellery Emporium.
  8493 | D:8      | Got a scorched ivory ring
  8494 | D:8      | Identified the ring "Xufucourr" {Fire *Slow Str+5 Dex+5}
                  | (You found it on level 8 of the Dungeon)
  8560 | D:8      | Found a shattered altar of Ashenzari.
  9481 | D:9      | Received a gift from Trog
  9619 | D:9      | Noticed Erica
  9627 | D:9      | Killed Erica
  9627 | D:9      | Reached skill level 13 in Axes
  9645 | D:9      | Found a snail-covered altar of Cheibriados.
  9694 | D:9      | Found a bloodstained altar of Trog.
 10126 | D:10     | Entered Level 10 of the Dungeon
 10182 | D:10     | Found a roughly hewn altar of Beogh.
 10343 | D:10     | Found a staircase to the Lair.
 10344 | D:10     | Reached skill level 1 in Shields
 10570 | D:10     | Got a shimmering halberd
 10576 | D:10     | Identified the +7 halberd of Lirhamut {vorpal, rF+} (You
                  | found it on level 10 of the Dungeon)
 10700 | D:10     | Found Huof's Weapon Shop.
 11050 | D:10     | Found a portal to a secret trove of treasure.
 11292 | D:11     | Found a flickering gateway to a bazaar.
 11337 | Bazaar   | Entered a bazaar
 11341 | Bazaar   | Found Fiwu's Assorted Antiques.
 11359 | Bazaar   | Found Plog's Book Shoppe.
 11376 | Bazaar   | Found Iguqa's Book Boutique.
 11393 | Bazaar   | Found Nohuv's Antique Weapon Emporium.
 11477 | Bazaar   | Bought a bubbling inky potion for 25 gold pieces
 11477 | Bazaar   | Bought a knobbly coral ring for 140 gold pieces
 11477 | Bazaar   | Bought a brown potion for 25 gold pieces
 11477 | Bazaar   | Bought a scroll labeled ONELLAO IKAGRA OFF for 28 gold
                  | pieces
 11477 | Bazaar   | Bought a scroll labeled TES ADIATE for 28 gold pieces
 11477 | Bazaar   | Bought a scroll labeled FEOPAI GEKKO for 28 gold pieces
 11493 | Bazaar   | Bought a runed war axe for 156 gold pieces
 11509 | Bazaar   | Bought a scroll of remove curse for 84 gold pieces
 11639 | D:11     | Noticed a white ugly thing
 11646 | D:11     | Killed a white ugly thing
 11646 | D:11     | Reached XP level 11. HP: 99/99 MP: 10/10
 11649 | D:11     | Found a shadowy altar of Dithmenos.
 11679 | D:11     | Reached skill level 10 in Fighting
 12347 | D:11     | Reached skill level 14 in Axes
 12409 | D:11     | Received a gift from Trog
 12663 | D:11     | Found a staircase to the Orcish Mines.
 12913 | D:12     | Noticed Maurice
 12919 | D:12     | Killed Maurice
 13062 | D:12     | Found a sacrificial altar of Ru.
 13078 | D:12     | Reached skill level 5 in Shields
 13110 | D:12     | Noticed a two-headed ogre
 13123 | D:12     | Killed a two-headed ogre
 13299 | D:12     | Found a hazy altar of Hepliaklqana.
 13422 | D:12     | Noticed a purple ugly thing
 13436 | D:12     | Killed a purple ugly thing
 13436 | D:12     | Reached skill level 15 in Axes
 13483 | D:12     | Noticed a cyan ugly thing
 13491 | D:12     | Killed a cyan ugly thing
 13834 | D:12     | Noticed a skeletal warrior
 13834 | D:12     | Noticed a skeletal warrior
 13834 | D:12     | Noticed a skeletal warrior
 13834 | D:12     | Noticed a skeletal warrior
 13839 | D:12     | Killed a skeletal warrior
 13839 | D:12     | Received a gift from Trog
 13846 | D:12     | Killed a skeletal warrior
 13847 | D:12     | Killed a skeletal warrior
 13847 | D:12     | Reached XP level 12. HP: 63/110 MP: 11/11
 14289 | D:13     | Noticed a centaur warrior
 14294 | D:13     | Noticed Josephine
 14306 | D:13     | Killed Josephine
 14306 | D:13     | Killed a centaur warrior
 14625 | D:13     | Reached skill level 16 in Axes
 14850 | D:13     | Found a transporter.
 14851 | D:13     | Noticed an ettin
 14991 | D:13     | Noticed an orc high priest
 14994 | D:13     | Found a roughly hewn altar of Beogh.
 14994 | D:13     | Found a transporter.
 14994 | D:13     | Noticed an ettin
 14994 | D:13     | Noticed an ettin
 14995 | D:13     | Noticed a two-headed ogre
 15279 | D:14     | Noticed a centaur warrior
 15291 | D:14     | Killed a centaur warrior
 15291 | D:14     | Noticed an eight-headed hydra
 15609 | D:14     | Killed a 13-headed hydra
 15609 | D:14     | Received a gift from Trog
 16037 | D:14     | Found an ornate altar of the Wu Jian Council.
 16055 | D:14     | Noticed a vault guard
 16055 | D:14     | Noticed a vault guard
 16055 | D:14     | Noticed a vault guard
 16059 | D:14     | Noticed a vault guard
 16062 | D:14     | Noticed a vault guard
 16062 | D:14     | Noticed a vault guard
 16064 | D:14     | Noticed a vault guard
 16064 | D:14     | Noticed a vault guard
 16073 | D:14     | Killed a vault guard
 16077 | D:14     | Killed a vault guard
 16077 | D:14     | Reached XP level 13. HP: 25/119 MP: 12/12
 16079 | D:14     | HP: 1/178 [vault guard/+0 long sword (9)]
 16086 | D:14     | Mangled by a vault guard

Illustrated notes

Levels and vault maps discovered:
D:1:      ebering_hopf_link, layout_basic
D:2:      layout_loops_cross
D:3:      layout_loops_ring, zin_treasury, lemuel_coloured_pillars_altar,
          lemuel_round_altar, overflow_temple_1_default, fiery_altar_vehumet
D:4:      layout_cave_pods, old_standard_altar, kennysheep_little_box,
          minmay_temple_entry_arrows, gup_sewer_entry_bubbles, uniq_sigmund
D:5:      layout_basic, lemuel_crystal_altar, kennysheep_mini, first_ration,
          chequers_serial_rivers_micro_d
D:6:      layout_layer_cave, elyvilon_altar_1, serial_shops, nicolae_shop_trees,
          tgw_sif, uniq_eustachio, uniq_menkaure
D:7:      layout_basic, uniq_joseph, uniq_harold
D:8:      layout_basic, serial_shops, shop, evilmike_ruin_ashenzari
D:9:      layout_grid_maze, lemuel_doored_altar, basic_altar,
          blue_anna_alchemist [blue_anna_fruit_fields, blue_anna_fruit_fields],
          uniq_erica
D:10:     layout_irregular_city, erik_lair_orcish_takeover, serial_shops,
          nicolae_shop_window_shopping, enter_trove_3,
          minmay_misc_feat_four_crosses, david_defended_altar_orc
D:11:     layout_gridville, david_orc_4, enter_bailey_6, serial_shops,
          bzr_entry_gold, nicolae_dithmenos_shadow_blocks
D:12:     layout_roguey, basic_altar, nicolae_ru_sacrificial_ziggurat,
          uniq_maurice
D:13:     gammafunk_beogh_shrine, layout_cave_pools, uniq_josephine
D:14:     minmay_blocky_corners, layout_irregular_city, erik_vaults_2,
          basic_altar, maelrawn_ghost_gauntlet_escape

Skill      XL: |  1  2  3  4  5  6  7  8  9 10 11 12 |
---------------+-------------------------------------+-----
Axes           | 4 5 6 8 10 12 13 15 16 | 16.5
Fighting       | 4 5 6 7 8 9 11 12 | 12.4
Armour         | 3 5 6 7 8 9 |  9.8
Dodging        | 3 4 5 6 7 8 |  8.6
Stealth        | 1 |  1.5
Shields        | 3 6 9 |  9.7

Action                   |  1- 3 |  4- 6 |  7- 9 | 10-12 | 13-15 || total
-------------------------+-------+-------+-------+-------+-------++-------
Melee: Hand axe          |    73 |       |       |       |       ||    73
       Headbutt          |    11 |     7 |    56 |   166 |     1 ||   241
       War axe           |    10 |    81 |   266 |   518 |     1 ||   876
       Halberd           |       |       |       |    37 |       ||    37
Invok: Berserk           |       |     2 |     6 |     8 |       ||    16
       Brothers in Arms  |       |       |       |       |     2 ||     2
  Use: Scroll            |     1 |       |       |       |       ||     1
 Stab: Sleeping          |     1 |       |       |       |       ||     1
  Eat: Chunk             |     5 |     7 |    14 |    29 |       ||    55
       Ration            |       |       |     1 |     2 |       ||     3
Armor: Animal skin       |     9 |       |       |       |       ||     9
       Ring mail         |     1 |    28 |    66 |    46 |       ||   141
       Scale mail        |       |       |       |    64 |     1 ||    65
Dodge: Dodged            |    63 |    45 |    57 |   174 |     1 ||   340
Block: Tower shield      |       |     8 |   143 |   382 |     4 ||   537
